 Dungeon Crawl Stone Soup version 0.17.0-28-g6e173f8 (webtiles) character file.

368 PossumBlood the Shield-Bearer (level 6, -1/56 HPs)
             Began as a Minotaur Fighter on Nov 23, 2015.
             Was an Initiate of the Shining One.
             Slain by an orc warrior
             ... wielding a +0 short sword
              (8 damage)
             ... on level 4 of the Dungeon.
             The game lasted 00:12:27 (2825 turns).

PossumBlood the Shield-Bearer (Minotaur Fighter)    Turns: 2825, Time: 00:12:27

Health: -1/56      AC:  7    Str: 23    XL:     6   Next: 41%
Magic:  5/5        EV:  9    Int:  5    God:    the Shining One [......]
Gold:   152        SH: 10    Dex:  9    Spells: 0 memorised, 5 levels left

rFire  . . .     SeeInvis .     a - +0 war axe
rCold  . . .     Clarity  .     b - +0 scale mail
rNeg   . . .     SustAt   .     c - +0 shield
rPois  .         Gourm    .     (helmet restricted)
rElec  .         Spirit   .     (no cloak)
rCorr  .         Warding  .     (no gloves)
rMut   .         Stasis   .     (no boots)
MR     .....                    k - amulet of faith
Stlth  ..........               (no ring)
                                (no ring)

@: not resistant to hostile enchantments, extremely unstealthy
A: retaliatory headbutt, horns 2
a: Renounce Religion


You were on level 4 of the Dungeon.
You worshipped the Shining One.
The Shining One was noncommittal.
You were near starving.

You visited 1 branch of the dungeon, and saw 4 of its levels.

You collected 152 gold pieces.

Inventory:

Hand Weapons
 a - a +0 war axe (weapon)
Armour
 b - a +0 scale mail (worn)
 c - a +0 shield (worn)
 e - a +0 centaur barding
Jewellery
 k - an amulet of faith (around neck)
 l - an uncursed amulet of resist mutation
Scrolls
 j - a scroll of magic mapping
Potions
 d - 2 potions of agility {unknown}
 h - a potion of ambrosia
Comestibles
 i - a meat ration


   Skills:
 + Level 5.0 Fighting
 + Level 3.8 Axes
 + Level 5.1 Armour
 + Level 2.5 Dodging
 + Level 5.6 Shields


You had 5 spell levels left.
You didn't know any spells.

Dungeon Overview and Level Annotations

Branches:
Dungeon (4/15)
 Temple: D:4-7

Altars:
Ashenzari
The Shining One


Innate Abilities, Weirdness & Mutations

You reflexively headbutt those who attack you in melee.
You have a pair of horns on your head.


Message History

You block the orc's attack.
The orc warrior hits you with a short sword!
* * * LOW HITPOINT WARNING * * *
You block the orc's attack. You block the orc's attack.
You see here 16 gold pieces.
Your shield and scale mail prevent you from hitting the orc.
The orc is severely wounded.
You barely miss the orc warrior.
The orc warrior is heavily wounded.
You hit the orc.
You kill the orc!
You block the orc's attack.
The orc warrior hits you with a short sword!
* * * LOW HITPOINT WARNING * * *
You block the orc's attack. The orc hits you but does no damage.
The orc closely misses you.
The orc warrior hits you with a short sword!
You die...

### ###### #####.#
#....#####
#.....######.(....).#
#####.###.#.............##
#..)...........##...8....##
..##.####..>#.#..o.8<8....#
####........#.#.@...8...###
..#..####.##.#.#...........
.#.#...#
#.##.#.#...........
.#.##..#
#.##.#.#...###.###.
...$...###.##...#.#####.#
.........................
.#.........######.#####.##
.......####......†.#
######## #........#


You could see an orc warrior.

Vanquished Creatures
  The ghost of Cab the Sneak, an amateur SpAs (D:3)
  An orc priest (D:3)
  2 crimson imps
  An orc wizard (D:3)
  Ijyb (D:3)
  Terence (D:2)
  5 adders
  A gnoll (D:1)
  2 worms (D:2)
  5 orcs
  5 giant cockroaches
  8 hobgoblins
  5 kobolds
  A quokka (D:2)
  4 bats
  3 giant geckos
  A giant newt (D:2)
  6 goblins
  3 jackals (D:2)
  7 rats
63 creatures vanquished.

Notes
Turn   | Place    | Note
--------------------------------------------------------------
     0 | D:1      | PossumBlood the Minotaur Fighter began the quest for the Orb.
     0 | D:1      | Reached XP level 1. HP: 19/19 MP: 0/0
   155 | D:1      | Reached skill level 4 in Shields
   155 | D:1      | Reached XP level 2. HP: 27/27 MP: 1/1
  1004 | D:2      | Reached XP level 3. HP: 20/33 MP: 2/2
  1411 | D:2      | Reached XP level 4. HP: 36/41 MP: 3/3
  1532 | D:2      | Noticed Terence
  1544 | D:2      | Killed Terence
  1544 | D:2      | Reached skill level 1 in Dodging
  1957 | D:3      | Noticed Ijyb
  1960 | D:3      | Reached XP level 5. HP: 44/47 MP: 4/4
  1967 | D:3      | Killed Ijyb
  1967 | D:3      | Reached skill level 5 in Shields
  2024 | D:3      | Found a shattered altar of Ashenzari.
  2027 | D:3      | Reached skill level 5 in Armour
  2106 | D:3      | Noticed Cab's ghost (amateur SpAs)
  2120 | D:3      | Killed Cab's ghost
  2120 | D:3      | Reached skill level 5 in Fighting
  2120 | D:3      | Reached XP level 6. HP: 50/56 MP: 5/5
  2193 | D:3      | Found a glowing golden altar of the Shining One.
  2204 | D:3      | Became a worshipper of the Shining One
  2825 | D:4      | Slain by an orc warrior

Action                   |  1- 3 |  4- 6 || total
-------------------------+-------+-------++-------
Melee: War axe           |    61 |   110 ||   171
  Use: Scroll            |     4 |     4 ||     8
       Potion            |       |     1 ||     1
  Eat: Bread ration      |       |     1 ||     1
